[Event "Titled Tuesday Blitz October 31 Early 2023"]
[White "Begunov, Konstantin"]
[Black "LeoLV10"]
[WhiteFideId "4118510"]
[WhiteElo "2402"]
[BlackElo "2537"]
[Result "0-1"]
[Round "10"]
[TimeControl "180+1"]
[Date "2023.10.31"]
[WhiteClock "0:00:00"]
[BlackClock "0:00:49"]
[Board "84"]

1. d4 Nf6 2. c4 e6 3. Nf3 b6 4. g3 Bb4+ 5. Nbd2 d5 6. Qa4+ Nc6 7. Qxc6+ Bd7 8. Qb7 Rb8 9. Qa6 b5 10. c5 O-O 11. a3 Bc8 12. Qxa7 Bd7 13. axb4 Bc6 14. Ne5 Bb7 15. c6 Ra8 16. cxb7 Rxa7 17. Rxa7 Nd7 18. Nc6 Qf6 19. e3 e5 20. Nb3 Qxc6 21. Nc5 Nxc5 22. dxc5 Rb8 23. Bg2 Rxb7 24. Rxb7 Qxb7 25. O-O c6 26. Bd2 h6 27. Bc3 f6 28. Ra1 Qd7 29. h3 d4 30. exd4 exd4 31. Rd1 dxc3 32. Rxd7 c2 33. Bxc6 c1=Q+ 34. Kg2 Qxb2 35. Bd5+ Kf8 36. c6 Ke8 37. Rxg7 Qe5 0-1


[Site "https://www.chess.com"]

[Event "Titled Tuesday Blitz October 31 Early 2023"]
[White "Marcziter, Dmitrii"]
[Black "Omariev, Maksim"]
[WhiteFideId "13900765"]
[BlackFideId "4193423"]
[WhiteElo "2378"]
[BlackElo "2518"]
[Result "1-0"]
[Round "10"]
[TimeControl "180+1"]
[Date "2023.10.31"]
[WhiteClock "0:00:41"]
[BlackClock "0:00:00"]
[Board "85"]

1. d4 h5 2. e4 h4 3. h3 d6 4. Nf3 Nc6 5. Nc3 e5 6. dxe5 Nxe5 7. Nd4 g6 8. f4 Nc6 9. Be3 Bg7 10. Qd2 Nf6 11. Bb5 Bd7 12. Bc4 Qe7 13. O-O-O O-O-O 14. Rhe1 Rde8 15. Bf2 Kb8 16. Kb1 Rh5 17. Nd5 Qd8 18. Nxf6 Qxf6 19. Nxc6+ Bxc6 20. c3 Bxe4+ 21. Ka1 Qf5 22. Bd5 Rhh8 23. Qe3 1-0


[Site "https://www.chess.com"]

[Event "Titled Tuesday Blitz October 31 Early 2023"]
[White "Tologon tegin, Semetei"]
[Black "Sargissyan, Sargis"]
[WhiteFideId "13800574"]
[BlackFideId "13303210"]
[WhiteElo "2512"]
[BlackElo "2399"]
[Result "1-0"]
[Round "10"]
[TimeControl "180+1"]
[Date "2023.10.31"]
[WhiteClock "0:01:05"]
[BlackClock "0:00:14"]
[Board "86"]

1. Nc3 e5 2. e4 Nf6 3. f4 d5 4. fxe5 Nxe4 5. Nf3 Bc5 6. d4 Bb4 7. Bd2 Bxc3 8. bxc3 c5 9. Bd3 Nc6 10. Qe2 Nxd2 11. Qxd2 Bg4 12. Qf4 Bxf3 13. gxf3 Qa5 14. Qd2 cxd4 15. cxd4 Qxd2+ 16. Kxd2 Nxd4 17. f4 g6 18. Rab1 b6 19. Ke3 Ne6 20. c4 d4+ 21. Kf3 Rc8 22. Rhc1 Nc5 23. Be4 Nxe4 24. Kxe4 Ke7 25. Kxd4 Rhd8+ 26. Ke3 Rc5 27. Rb5 Rdc8 28. Rxc5 Rxc5 29. Kd4 f6 30. Rc2 Ke6 31. Re2 Kf5 32. e6 Rc8 33. e7 Re8 34. Kd5 Kxf4 35. Kd6 Kf3 36. Re6 f5 37. Kd7 Rxe7+ 38. Rxe7 f4 39. Rxh7 Kg2 40. Rg7 f3 41. Rxg6+ Kxh2 42. Rf6 f2 43. Rxf2+ 1-0


[Site "https://www.chess.com"]

[Event "Titled Tuesday Blitz October 31 Early 2023"]
[White "Estrada Nieto, Julian"]
[Black "EvgenyBurmakin"]
[WhiteFideId "5101018"]
[WhiteElo "2503"]
[BlackElo "2378"]
[Result "1-0"]
[Round "10"]
[TimeControl "180+1"]
[Date "2023.10.31"]
[WhiteClock "0:00:09"]
[BlackClock "0:00:00"]
[Board "87"]

1. e4 c5 2. Nf3 d6 3. d4 cxd4 4. Qxd4 Nc6 5. Bb5 Bd7 6. Bxc6 Bxc6 7. Nc3 Nf6 8. Bg5 e6 9. O-O-O Be7 10. Rhe1 O-O 11. Kb1 b5 12. Bxf6 Bxf6 13. Qxd6 Qxd6 14. Rxd6 Bxc3 15. bxc3 Rac8 16. Nd4 Be8 17. Re3 e5 18. Nf5 Rc7 19. Red3 g6 20. Ne3 Bc6 21. Nd5 Bxd5 22. R6xd5 f6 23. Rxb5 Rfc8 24. Kb2 Kf7 25. Rbd5 Ke7 26. f3 Rb8+ 27. Kc1 Rbc8 28. Kd2 Rb8 29. Ra5 Rbb7 30. Ra6 Rb6 31. Rxb6 axb6 32. Rd5 Ke6 33. Rb5 Rc6 34. a4 Kd6 35. a5 bxa5 36. Rxa5 f5 37. Ra7 h5 38. exf5 gxf5 39. Rh7 Kd5 40. Rxh5 Rg6 41. g3 Rf6 42. Kd3 Kc5 43. g4 fxg4 44. fxg4 Kd5 45. Rf5 Rg6 46. h3 Rh6 47. Rh5 Rf6 48. Ke3 Rc6 49. Kd3 Rf6 50. Rf5 Rh6 51. g5 Rxh3+ 52. Kd2 Rg3 53. Ke2 Ke4 54. Kf2 Rg4 55. Rf8 Rxg5 56. Rd8 Rg6 57. Ke2 Rg2+ 58. Kd1 Ke3 59. Rd3+ Ke4 60. c4 Rg6 61. Kd2 Rc6 62. Kc3 Kf4 63. Kb4 e4 64. Rd8 e3 65. Rf8+ Ke4 66. Re8+ Kf3 67. Kb5 Rc7 68. c5 1-0


[Site "https://www.chess.com"]

[Event "Titled Tuesday Blitz October 31 Early 2023"]
[White "Bobomurodova, Maftuna"]
[Black "Czerw, Dawid"]
[WhiteFideId "14207400"]
[BlackFideId "1145746"]
[WhiteElo "2374"]
[BlackElo "2499"]
[Result "1-0"]
[Round "10"]
[TimeControl "180+1"]
[Date "2023.10.31"]
[WhiteClock "0:00:43"]
[BlackClock "0:00:03"]
[Board "88"]

1. e4 c5 2. Nf3 g6 3. g3 Nc6 4. Bg2 Bg7 5. O-O e5 6. c3 Nge7 7. d3 O-O 8. Nbd2 h6 9. Nc4 d6 10. Nh4 g5 11. Nf3 f5 12. exf5 Bxf5 13. Ne3 Bg6 14. h4 Bf6 15. hxg5 Bxg5 16. Nxg5 hxg5 17. Qg4 Bxd3 18. Rd1 c4 19. Nxc4 Bxc4 20. Qxc4+ Kg7 21. Bxg5 Qd7 22. Qe4 d5 23. Qe2 d4 24. cxd4 exd4 25. Be4 Qe6 26. Re1 Rae8 27. Qh5 Rh8 28. Qf3 Ref8 29. Qg2 Ne5 30. Bxb7 N7g6 31. f4 Qb6 32. fxe5 Rh5 33. Bf6+ Kh7 34. Bf3 d3+ 35. Qf2 Qxf2+ 36. Kxf2 Rh2+ 37. Ke3 Rxb2 38. Red1 Nxe5 39. Bxe5 Re8 40. Be4+ Kh6 41. Bxb2 1-0


[Site "https://www.chess.com"]

[Event "Titled Tuesday Blitz October 31 Early 2023"]
[White "secrethawk1"]
[Black "HeroRubiksCube"]
[WhiteElo "2373"]
[BlackElo "2497"]
[Result "0-1"]
[Round "10"]
[TimeControl "180+1"]
[Date "2023.10.31"]
[WhiteClock "0:00:01"]
[BlackClock "0:00:17"]
[Board "89"]

1. e4 d5 2. exd5 Nf6 3. Nc3 Nxd5 4. Nf3 g6 5. Bc4 Nxc3 6. bxc3 Bg7 7. O-O O-O 8. Rb1 b6 9. Re1 Bb7 10. d4 e6 11. a4 a5 12. Bg5 Bf6 13. Bf4 Nd7 14. Qe2 Re8 15. Ne5 Nxe5 16. dxe5 Bg7 17. Red1 Qe7 18. Bb5 Red8 19. Ra1 Qc5 20. Bc4 h6 21. Bb3 Kh7 22. Rd3 Rxd3 23. Qxd3 Bxe5 24. Qd7 Rf8 25. Be3 Qc6 26. Qxc6 Bxc6 27. Bd4 Bd6 28. Bf6 g5 29. Rd1 Kg6 30. Bd4 e5 31. Be3 f5 32. f3 Rb8 33. c4 Bc5 34. Bxc5 bxc5 35. Kf2 Kf6 36. Ke3 Ke7 37. h4 Rd8 38. Rh1 g4 39. Rg1 f4+ 40. Ke2 g3 41. Re1 Kf6 42. c3 Rb8 43. Bc2 Rb2 44. Kd3 Ra2 45. Rb1 Bxa4 46. Bxa4 Rxa4 47. Rc1 Ra2 48. Rg1 Rb2 49. h5 a4 50. Ra1 Rxg2 51. Rxa4 Rf2 52. Ra6+ Kg5 53. Rg6+ Kxh5 54. Ke4 Kxg6 55. Kd3 g2 56. Ke4 g1=Q 57. Kd5 Rd2+ 58. Kxe5 Qe3# 0-1


[Site "https://www.chess.com"]

[Event "Titled Tuesday Blitz October 31 Early 2023"]
[White "Willy, Stephen"]
[Black "chessculator16"]
[WhiteFideId "30981468"]
[WhiteElo "2492"]
[BlackElo "2349"]
[Result "0-1"]
[Round "10"]
[TimeControl "180+1"]
[Date "2023.10.31"]
[WhiteClock "0:00:00"]
[BlackClock "0:01:43"]
[Board "90"]

1. e4 c6 2. d4 d5 3. f3 dxe4 4. fxe4 e5 5. Nf3 Bg4 6. Bc4 Nd7 7. O-O Ngf6 8. Qe1 Bxf3 9. Rxf3 Be7 10. c3 O-O 11. Rg3 Re8 12. Nd2 Qb6 13. Nf3 exd4 14. cxd4 Bb4 15. Rxg7+ Kxg7 16. Qg3+ Kh8 17. Ng5 Qxd4+ 18. Be3 Qxc4 19. Rf1 Bc5 20. Bxc5 Qxc5+ 21. Kh1 Qc4 22. Rd1 Rad8 23. b3 Ne5 24. Rg1 Qd3 25. Qf4 Qd6 26. Qf5 Re7 27. h3 Ng6 28. Rf1 Kg7 29. h4 Qe5 30. Qh3 Nxe4 31. Nf3 Qe6 0-1


[Site "https://www.chess.com"]

[Event "Titled Tuesday Blitz October 31 Early 2023"]
[White "Dishman, Stephen"]
[Black "Bilan, Danila"]
[WhiteFideId "403024"]
[BlackFideId "24161918"]
[WhiteElo "2335"]
[BlackElo "2487"]
[Result "1-0"]
[Round "10"]
[TimeControl "180+1"]
[Date "2023.10.31"]
[WhiteClock "0:00:41"]
[BlackClock "0:00:03"]
[Board "91"]

1. c4 c6 2. Nf3 d5 3. g3 Nf6 4. Bg2 Bf5 5. Qb3 Qb6 6. d3 e6 7. Be3 Qxb3 8. axb3 a6 9. Nh4 Bg4 10. h3 Bh5 11. g4 Bg6 12. Bd2 Nbd7 13. Bc3 Bd6 14. Nd2 O-O 15. O-O e5 16. Nxg6 hxg6 17. e3 Nc5 18. d4 exd4 19. Bxd4 dxc4 20. bxc4 Ne6 21. Bc3 Rad8 22. b4 Rfe8 23. Nb3 Ng5 24. Rfd1 Nge4 25. Be1 Be5 26. Rac1 Bb2 27. Rb1 Bc3 28. Rxd8 Rxd8 29. Na5 Bxe1 30. Rxe1 Rd7 31. h4 g5 32. hxg5 Nxg5 33. f4 Ne6 34. g5 Ne8 35. Bh3 Kf8 36. g6 Re7 37. gxf7 Kxf7 38. Kf2 Nd6 39. Kf3 Nd4+ 40. Kf2 Nc2 41. Re2 Ne4+ 42. Kf3 Nxb4 43. Nxb7 Rxb7 44. Kxe4 Re7+ 45. Kd4 a5 46. Kc5 Nd3+ 47. Kxc6 Nxf4 48. Rf2 Rxe3 49. Rxf4+ Ke7 50. Bg2 Rg3 51. Bd5 a4 52. Rf7+ Ke8 53. Ra7 a3 54. c5 Rg6+ 55. Kb5 Rg5 56. Be6 Re5 57. Bf7+ Kf8 58. Kb6 Re7 59. Rxe7 Kxe7 60. Bb3 g5 61. c6 g4 62. c7 Kd7 63. Kb7 g3 64. c8=Q+ 1-0


[Site "https://www.chess.com"]

[Event "Titled Tuesday Blitz October 31 Early 2023"]
[White "Kopczynski, Michal"]
[Black "Shapiro, Daniel"]
[WhiteFideId "1124200"]
[BlackFideId "2001780"]
[WhiteElo "2486"]
[BlackElo "2322"]
[Result "1-0"]
[Round "10"]
[TimeControl "180+1"]
[Date "2023.10.31"]
[WhiteClock "0:01:36"]
[BlackClock "0:00:00"]
[Board "92"]

1. e4 c5 2. d4 cxd4 3. c3 dxc3 4. Nxc3 Nc6 5. f4 d6 6. Nf3 a6 7. Bc4 Nf6 8. O-O e6 9. Kh1 Be7 10. Qe1 b5 11. Bd3 Nd7 12. Be3 Bb7 13. Rd1 O-O 14. e5 d5 15. Qg3 f6 16. f5 Ndxe5 17. Bh6 Ng6 18. fxg6 gxh6 19. gxh7+ Kh8 20. Qh3 f5 21. Qxh6 Bf6 22. Rfe1 Qd7 23. Ng5 Bxg5 24. Qxg5 Rae8 25. Ne2 Qxh7 26. Nf4 Rg8 27. Qf6+ Qg7 28. Rxe6 Qxf6 29. Rxf6 Rgf8 30. Rxf8+ Rxf8 31. Ng6+ Kg7 32. Nxf8 Kxf8 33. Bxf5 d4 34. Be4 1-0


[Site "https://www.chess.com"]

[Event "Titled Tuesday Blitz October 31 Early 2023"]
[White "Buchenau, Frank"]
[Black "Malikova777"]
[WhiteFideId "4604350"]
[WhiteElo "2466"]
[BlackElo "2316"]
[Result "1-0"]
[Round "10"]
[TimeControl "180+1"]
[Date "2023.10.31"]
[WhiteClock "0:00:16"]
[BlackClock "0:00:00"]
[Board "93"]

1. e4 c6 2. Nf3 d5 3. Nc3 Bg4 4. d4 Nf6 5. h3 Bxf3 6. Qxf3 dxe4 7. Qe3 e6 8. Nxe4 Nxe4 9. Qxe4 Nd7 10. c3 Nf6 11. Qc2 Bd6 12. Bd3 Qc7 13. Bg5 Nd5 14. O-O h6 15. Bd2 Bf4 16. c4 Nf6 17. Bc3 O-O 18. Rfe1 Nd7 19. Rad1 Rad8 20. b4 e5 21. Qe2 exd4 22. Bxd4 Bg5 23. Qe4 g6 24. h4 Bf6 25. h5 Bxd4 26. Qxd4 g5 27. Re7 Qf4 28. Rxd7 Rxd7 29. Qxd7 b5 30. Qxc6 Qg4 31. Qf3 Qe6 32. Qe4 Qxe4 33. Bxe4 bxc4 34. Rc1 Rc8 35. Rc3 1-0


[Site "https://www.chess.com"]

[Event "Titled Tuesday Blitz October 31 Early 2023"]
[White "Shuvalov, Evgenij"]
[Black "Schut, Han"]
[WhiteFideId "4187237"]
[BlackFideId "1005561"]
[WhiteElo "2460"]
[BlackElo "2299"]
[Result "1-0"]
[Round "10"]
[TimeControl "180+1"]
[Date "2023.10.31"]
[WhiteClock "0:01:33"]
[BlackClock "0:00:00"]
[Board "94"]

1. e4 c5 2. Nf3 d6 3. d4 cxd4 4. Nxd4 Nf6 5. Nc3 a6 6. Bg5 e6 7. Qe2 Be7 8. O-O-O Nbd7 9. f4 Qc7 10. g4 b5 11. Bxf6 Bxf6 12. g5 Be7 13. Bh3 Nc5 14. a3 O-O 15. Rhg1 Rd8 16. f5 d5 17. f6 Bf8 18. exd5 exd5 19. Bxc8 Raxc8 20. Nf5 g6 21. Ne7+ Kh8 22. Ncxd5 Rxd5 23. Nxd5 Qa5 24. Ne7 Rc7 25. Rg3 b4 26. Kb1 bxa3 27. Rxa3 Qb5 28. Qxb5 axb5 29. Ra8 1-0


[Site "https://www.chess.com"]

[Event "Titled Tuesday Blitz October 31 Early 2023"]
[White "Tharushi, T H D Niklesha"]
[Black "Pinto, Daniel"]
[WhiteFideId "9918264"]
[BlackFideId "3303144"]
[WhiteElo "2268"]
[BlackElo "2450"]
[Result "1-0"]
[Round "10"]
[TimeControl "180+1"]
[Date "2023.10.31"]
[WhiteClock "0:00:16"]
[BlackClock "0:00:00"]
[Board "95"]

1. e4 c5 2. Nf3 Nc6 3. d4 cxd4 4. Nxd4 Nf6 5. Nc3 e5 6. Ndb5 d6 7. Nd5 Nxd5 8. exd5 Nb8 9. c4 a6 10. Qa4 Nd7 11. Be3 Rb8 12. Nc3 Be7 13. Bd3 O-O 14. O-O f5 15. f4 e4 16. Bc2 Bf6 17. Ne2 b5 18. cxb5 Rxb5 19. Nd4 Nb6 20. Qa3 Nc4 21. Qc3 Nxe3 22. Qxe3 Rxb2 23. Bb3 Qb6 24. Rad1 a5 25. Nxf5 Qxe3+ 26. Nxe3 Ba6 27. Rf2 Rxf2 28. Kxf2 Rc8 29. Nf5 a4 30. Bxa4 Rb8 31. Bb3 Rb6 32. Ke3 g6 33. Nd4 Bd3 34. Nc6 Kf7 35. g4 g5 36. f5 Kg7 37. Nd4 h5 38. Ne6+ Kh6 39. h3 Rb8 40. Rc1 Ra8 41. Rc6 hxg4 42. hxg4 Be5 43. Rc1 Kh7 44. Rh1+ Kg8 45. Rh6 Rc8 46. Rg6+ Kf7 47. Rxg5 Rc1 48. Rh5 Rd1 49. Bxd1 1-0


[Site "https://www.chess.com"]

[Event "Titled Tuesday Blitz October 31 Early 2023"]
[White "Miszler, Levente"]
[Black "Kuchava, Ana"]
[WhiteFideId "763276"]
[BlackFideId "13605348"]
[WhiteElo "2437"]
[BlackElo "2263"]
[Result "1-0"]
[Round "10"]
[TimeControl "180+1"]
[Date "2023.10.31"]
[WhiteClock "0:01:37"]
[BlackClock "0:00:10"]
[Board "96"]

1. Nf3 d5 2. c4 e6 3. d4 Nf6 4. Nc3 Be7 5. Qc2 O-O 6. Bf4 c5 7. e3 Nc6 8. cxd5 exd5 9. Bb5 Bg4 10. Bxc6 Bxf3 11. Bxb7 Bxg2 12. Rg1 cxd4 13. exd4 Be4 14. Nxe4 Nxe4 15. Bxa8 Bb4+ 16. Ke2 Qxa8 17. Qd3 Re8 18. Be3 f5 19. Qb5 f4 20. Qd7 Bf8 21. Rxg7+ Bxg7 22. Rg1 Ng3+ 23. hxg3 fxe3 24. fxe3 Bxd4 25. Rf1 Qd8 26. Qxd8 Rxd8 27. exd4 Rb8 28. b3 a5 29. Kd3 Kg7 30. Rf5 Rb5 31. Kc3 Kg6 32. Re5 Kf6 33. a4 Rb8 34. Rxd5 Rg8 35. Rxa5 Rxg3+ 36. Kc4 h5 37. Ra6+ Ke7 38. Rh6 Rg5 39. b4 Kd7 40. a5 Kc7 41. b5 Kb7 42. Rh7+ 1-0


[Site "https://www.chess.com"]

[Event "Titled Tuesday Blitz October 31 Early 2023"]
[White "Shishkov, Andrei"]
[Black "MIM06"]
[WhiteFideId "4500563"]
[WhiteElo "2437"]
[BlackElo "2212"]
[Result "1-0"]
[Round "10"]
[TimeControl "180+1"]
[Date "2023.10.31"]
[WhiteClock "0:00:22"]
[BlackClock "0:00:02"]
[Board "97"]

1. d4 Nf6 2. c4 e6 3. Nc3 Bb4 4. Qc2 O-O 5. e4 d5 6. e5 Ne4 7. Bd3 c5 8. Nf3 cxd4 9. Nxd4 Nd7 10. Bxe4 dxe4 11. Qxe4 Bxc3+ 12. bxc3 Qc7 13. O-O Qxe5 14. Qh4 Qc5 15. Nb5 Qc6 16. Ba3 Nc5 17. Qe7 b6 18. Bxc5 Qxc5 19. Qxc5 bxc5 20. Rfd1 Ba6 21. Rd6 Bxb5 22. cxb5 Rfd8 23. Rad1 Rxd6 24. Rxd6 Kf8 25. Kf1 Ke7 26. Rc6 Rb8 27. c4 Kd7 28. Rxc5 Rb6 29. a4 Rd6 30. Ke2 f6 31. Ke3 g6 32. f4 Rd1 33. Rc6 Rc1 34. Kd4 Rc2 35. Ra6 e5+ 36. fxe5 fxe5+ 37. Kd5 e4 38. Rxa7+ Kd8 39. Kxe4 Rxc4+ 40. Kd5 Rc2 41. b6 Rxg2 42. Rxh7 Rg4 43. b7 Rb4 44. Kc6 Rb1 45. Rh8+ Ke7 46. b8=Q Rxb8 47. Rxb8 1-0


[Site "https://www.chess.com"]

[Event "Titled Tuesday Blitz October 31 Early 2023"]
[White "Souza, Gustavo Horokoski De"]
[Black "Rosh Jain"]
[WhiteFideId "2146584"]
[BlackFideId "25789465"]
[WhiteElo "2167"]
[BlackElo "2435"]
[Result "1-0"]
[Round "10"]
[TimeControl "180+1"]
[Date "2023.10.31"]
[WhiteClock "0:01:59"]
[BlackClock "0:01:32"]
[Board "98"]

1. c4 f5 2. Nc3 Nf6 3. g3 g6 4. Bg2 Bg7 5. d4 O-O 6. Nf3 d6 7. O-O Qe8 8. b3 e5 9. dxe5 dxe5 10. Bb2 c6 11. Qc2 Nbd7 12. Rfd1 b6 13. Rd6 Bb7 14. Ng5 Qe7 15. Rad1 Rfe8 16. Ne6 Bh8 17. Nc7 Nc5 18. Nxa8 Bxa8 19. Bxc6 Bxc6 20. Rxc6 Rd8 21. Rxd8+ Qxd8 22. Qd1 Ncd7 23. Nd5 Ne4 24. Rc8 Qxc8 25. Ne7+ Kf7 26. Nxc8 Ke8 27. Nd6+ Nxd6 28. Qxd6 Bf6 29. f4 1-0


[Site "https://www.chess.com"]

[Event "Titled Tuesday Blitz October 31 Early 2023"]
[White "Phillips, Rene"]
[Black "Todorovic, Bojan"]
[WhiteFideId "2056275"]
[BlackFideId "917087"]
[WhiteElo "2055"]
[BlackElo "2431"]
[Result "1-0"]
[Round "10"]
[TimeControl "180+1"]
[Date "2023.10.31"]
[WhiteClock "0:00:18"]
[BlackClock "0:00:00"]
[Board "99"]

1. d4 g6 2. Bf4 Bg7 3. e3 c5 4. c3 Qb6 5. Qb3 Nc6 6. Nf3 d6 7. Nbd2 Nf6 8. Bc4 O-O 9. h3 Na5 10. Qxb6 axb6 11. Be2 Nc6 12. O-O cxd4 13. exd4 Nd5 14. Bg3 Bd7 15. Rfe1 Rfe8 16. Bc4 Nc7 17. Ng5 Rf8 18. Ndf3 h6 19. Ne4 b5 20. Bb3 Na5 21. Nc5 dxc5 22. Bxc7 Nxb3 23. axb3 cxd4 24. Rxa8 Rxa8 25. Rxe7 dxc3 26. bxc3 Be6 27. Be5 Bd5 28. Bxg7 Kxg7 29. Nd4 Ra1+ 30. Kh2 Rb1 31. b4 Rc1 32. Rc7 Bc4 33. Rxb7 Rxc3 34. Nxb5 Rc2 35. Nd6 Bd5 36. Ne8+ Kf8 37. Rb8 1-0


[Site "https://www.chess.com"]

[Event "Titled Tuesday Blitz October 31 Early 2023"]
[White "Gurevich, Dmitry"]
[Black "Buscar, Michael"]
[WhiteFideId "2000407"]
[BlackFideId "2603616"]
[WhiteElo "2528"]
[BlackElo "2325"]
[Result "1-0"]
[Round "10"]
[TimeControl "180+1"]
[Date "2023.10.31"]
[WhiteClock "0:00:07"]
[BlackClock "0:00:00"]
[Board "100"]

1. d4 Nf6 2. c4 e6 3. g3 d5 4. Bg2 Be7 5. Nf3 O-O 6. Nc3 c5 7. cxd5 exd5 8. O-O Nc6 9. b3 cxd4 10. Nxd4 Be6 11. Bb2 Rc8 12. Rc1 Nxd4 13. Qxd4 Qa5 14. Qa4 Qxa4 15. Nxa4 Ne4 16. Rfd1 b5 17. Nc3 Bf6 18. Nxe4 Bxb2 19. Rxc8 Rxc8 20. Nd6 Rc5 21. b4 Rc2 22. Bxd5 Bxd5 23. Rxd5 g6 24. Kf1 a6 25. Ne4 Rc4 26. Nc5 Rxb4 27. Nxa6 Ra4 28. Rxb5 Rxa2 29. Nb4 Ra1+ 30. Kg2 Bc3 31. Nd5 Bd4 32. e3 Ba7 33. g4 h6 34. h4 Ra2 35. Kf3 Kg7 36. Rb7 Ra5 37. Rd7 Bc5 38. g5 hxg5 39. hxg5 Ra6 40. Nf6 Ra7 41. Rd8 Bf8 42. Kg4 Ra4+ 43. f4 Ra7 44. e4 Ra1 45. e5 Rg1+ 46. Kf3 Rf1+ 47. Ke3 Re1+ 48. Kf2 Ra1 49. Ne8+ Kg8 50. Nc7 Ra2+ 51. Kf3 Kg7 52. e6 Bc5 53. Ne8+ Kf8 54. Nf6+ Ke7 55. Re8+ Kd6 56. exf7 1-0


[Site "https://www.chess.com"]

[Event "Titled Tuesday Blitz October 31 Early 2023"]
[White "Baches Garcia, Guillermo"]
[Black "Harriott, Tyrell"]
[WhiteFideId "2209764"]
[BlackFideId "2086484"]
[WhiteElo "2507"]
[BlackElo "2314"]
[Result "1-0"]
[Round "10"]
[TimeControl "180+1"]
[Date "2023.10.31"]
[WhiteClock "0:00:20"]
[BlackClock "0:00:00"]
[Board "101"]

1. d4 e6 2. Nf3 d5 3. Bg5 Ne7 4. Nbd2 f6 5. Bf4 Ng6 6. Bg3 f5 7. e3 Be7 8. c4 O-O 9. Bd3 f4 10. exf4 Nxf4 11. Bxf4 Rxf4 12. Qc2 h6 13. O-O c6 14. Rfe1 Na6 15. a3 Nc7 16. Ne5 Rxd4 17. Ndf3 Rf4 18. Bh7+ Kh8 19. Ng6+ Kxh7 20. Nxe7+ Re4 21. Rxe4 dxe4 22. Qxe4+ Kh8 23. Nh4 g5 24. Qe5+ Kh7 25. Qe4+ Kh8 26. Qe5+ Kh7 27. Qf6 Qe8 28. Nhg6 Bd7 29. Rd1 c5 30. h3 Bc6 31. Rd3 Be4 32. Rd2 Bxg6 33. Nxg6 Rc8 34. Nf8+ 1-0


[Site "https://www.chess.com"]

[Event "Titled Tuesday Blitz October 31 Early 2023"]
[White "gpsji27"]
[Black "Ekdyshman, Mikhail"]
[BlackFideId "4149416"]
[WhiteElo "2307"]
[BlackElo "2497"]
[Result "1-0"]
[Round "10"]
[TimeControl "180+1"]
[Date "2023.10.31"]
[WhiteClock "0:00:15"]
[BlackClock "0:00:16"]
[Board "102"]

1. d4 d5 2. Nf3 e6 3. c4 Nf6 4. g3 a6 5. Bg2 dxc4 6. Ne5 Bb4+ 7. Nc3 Nc6 8. Nxc6 bxc6 9. Bxc6+ Bd7 10. Bxa8 Qxa8 11. O-O h5 12. h4 c5 13. dxc5 Bxc5 14. Be3 Bxe3 15. fxe3 Ng4 16. Qd4 Bc6 17. e4 O-O 18. Rad1 e5 19. Qxc4 Qa7+ 20. Kh1 Ba8 21. Nd5 Ne3 22. Qd3 Nxd1 23. Rxd1 f5 24. exf5 Qf2 25. e4 Qxb2 26. Ne7+ Kf7 27. Ng6 Qb4 28. Qd7+ Kg8 29. Qe6+ Kh7 30. Nxf8+ Qxf8 31. Qg6+ Kg8 32. Qxh5 Bxe4+ 33. Kh2 Bxf5 34. Qg5 Qf6 35. Rd8+ Kf7 36. Qxf6+ gxf6 37. Ra8 Bd3 38. Ra7+ Kg6 39. g4 e4 40. Kg3 e3 41. Kf3 e2 42. Kf2 Kh6 43. Ke1 Kg6 44. Rd7 Bc4 45. a3 Kh6 46. Rd4 Bb5 47. a4 Bc6 48. Kxe2 Kg6 49. Rd6 Bxa4 50. Kf3 Bb5 51. g5 Kh5 52. gxf6 Kg6 53. Kg4 a5 54. h5+ Kf7 55. Rb6 Be2+ 56. Kg5 a4 57. h6 Bd3 58. Rb7+ Kg8 59. f7+ Kf8 60. Kf6 a3 61. Rb8# 1-0


[Site "https://www.chess.com"]

[Event "Titled Tuesday Blitz October 31 Early 2023"]
[White "Babarsik1977"]
[Black "Heinemann, Josefine"]
[BlackFideId "12900460"]
[WhiteElo "2318"]
[BlackElo "2495"]
[Result "0-1"]
[Round "10"]
[TimeControl "180+1"]
[Date "2023.10.31"]
[WhiteClock "0:00:17"]
[BlackClock "0:00:18"]
[Board "103"]

1. e4 c5 2. Nc3 d6 3. f4 g6 4. Nf3 Bg7 5. Bc4 Nc6 6. d3 e6 7. O-O Nge7 8. Qe1 O-O 9. Qh4 d5 10. Bb3 Nd4 11. f5 gxf5 12. Bh6 fxe4 13. dxe4 Ng6 14. Qh5 Nxf3+ 15. Rxf3 Qh4 16. Qxh4 Nxh4 17. Rg3 Ng6 18. Bxg7 Kxg7 19. exd5 e5 20. Ne4 b6 21. Nd6 Bd7 22. Rf1 f5 23. c4 Rf6 24. Nb5 f4 25. Rd3 e4 26. Rdd1 Bxb5 27. cxb5 Rd8 28. Rfe1 e3 29. Kf1 Nh4 30. g3 Nf3 31. Re2 Nd4 32. gxf4 Rxf4+ 33. Ke1 Nxe2 34. Kxe2 Re8 35. Rg1+ Kf6 36. Rg2 Rd4 37. Kf3 Rd2 38. Re2 Rxe2 39. Kxe2 Kf5 40. a3 Kf4 41. Bc4 Rd8 42. b3 Rd6 43. a4 Rg6 44. h4 Rg2+ 45. Kf1 Rd2 46. Ke1 h6 47. h5 Kg4 48. Be2+ Kh4 49. Bf3 Kg3 50. Be2 Rxd5 0-1


[Site "https://www.chess.com"]

[Event "Titled Tuesday Blitz October 31 Early 2023"]
[White "Rosenberg, Evan S"]
[Black "alfianasybullina"]
[WhiteFideId "2019299"]
[WhiteElo "2455"]
[BlackElo "2303"]
[Result "1-0"]
[Round "10"]
[TimeControl "180+1"]
[Date "2023.10.31"]
[WhiteClock "0:01:56"]
[BlackClock "0:00:38"]
[Board "104"]

1. d4 Nf6 2. Nf3 c5 3. d5 e6 4. Nc3 exd5 5. Nxd5 Nxd5 6. Qxd5 Nc6 7. Bg5 Be7 8. Bxe7 Qxe7 9. c3 b5 10. e3 a6 11. Bd3 Bb7 12. O-O O-O 13. Rad1 Nd8 14. Bxh7+ Kxh7 15. Qh5+ Kg8 16. Ng5 1-0


[Site "https://www.chess.com"]

[Event "Titled Tuesday Blitz October 31 Early 2023"]
[White "Bashirli, Saadat"]
[Black "Zivic, Dragan"]
[WhiteFideId "13429990"]
[BlackFideId "904740"]
[WhiteElo "2410"]
[BlackElo "2297"]
[Result "0-1"]
[Round "10"]
[TimeControl "180+1"]
[Date "2023.10.31"]
[WhiteClock "0:01:23"]
[BlackClock "0:01:44"]
[Board "105"]

1. e4 c6 2. d4 d5 3. exd5 cxd5 4. Bd3 Nc6 5. c3 Qc7 6. Ne2 e5 7. dxe5 Nxe5 8. Bb5+ Bd7 9. Qxd5 O-O-O 10. Nd4 Nf6 11. Bxd7+ Rxd7 12. Qb5 Rxd4 13. cxd4 Qxc1+ 14. Ke2 Qc2+ 15. Nd2 Nc6 16. Qf5+ Qxf5 17. Nf3 Qe4+ 18. Kd2 Nxd4 19. Rac1+ Kb8 20. Rhe1 Bb4+ 0-1


[Site "https://www.chess.com"]

[Event "Titled Tuesday Blitz October 31 Early 2023"]
[White "UK_23"]
[Black "Fominykh, Maria"]
[BlackFideId "4142411"]
[WhiteElo "2397"]
[BlackElo "2276"]
[Result "0-1"]
[Round "10"]
[TimeControl "180+1"]
[Date "2023.10.31"]
[WhiteClock "0:00:45"]
[BlackClock "0:01:03"]
[Board "106"]

1. e4 e6 2. d4 d5 3. exd5 exd5 4. Nf3 h6 5. c4 Bb4+ 6. Nc3 Ne7 7. a3 Bxc3+ 8. bxc3 O-O 9. Bd3 Bg4 10. h3 Bh5 11. O-O Nd7 12. Re1 Re8 13. a4 dxc4 14. Bxc4 Nb6 15. Be2 Ned5 16. Bd2 a5 17. c4 Nf6 18. c5 Nbd5 19. Ne5 Bxe2 20. Rxe2 Nd7 21. Nd3 Qf6 22. Be3 Nc3 23. Qc2 Nxe2+ 24. Qxe2 Qxd4 25. Rc1 Qxa4 26. Qh5 Nf6 27. Qg5 hxg5 0-1


[Site "https://www.chess.com"]

[Event "Titled Tuesday Blitz October 31 Early 2023"]
[White "Witty_Alien"]
[Black "Kahlert, Thomas"]
[BlackFideId "4625242"]
[WhiteElo "2256"]
[BlackElo "2381"]
[Result "0-1"]
[Round "10"]
[TimeControl "180+1"]
[Date "2023.10.31"]
[WhiteClock "0:00:01"]
[BlackClock "0:01:07"]
[Board "107"]

1. e4 e5 2. d4 exd4 3. c3 d5 4. e5 dxc3 5. Nf3 Nc6 6. Bd3 Bc5 7. Nxc3 Nge7 8. O-O Be6 9. Ng5 Qd7 10. Na4 Bb6 11. Nxb6 axb6 12. f4 h6 13. Nxe6 fxe6 14. Qh5+ g6 15. Bxg6+ Nxg6 16. Qxg6+ Qf7 17. Qd3 O-O-O 18. a4 Rhg8 19. Bd2 Qg6 20. Qh3 Nd4 21. a5 bxa5 22. Rxa5 b6 23. Ra4 Nf5 24. Rc1 Kb7 25. Rca1 Ra8 26. Rxa8 Rxa8 27. Rxa8 Kxa8 28. Qf3 Kb7 29. g4 Nd4 30. Qg2 Qd3 31. Be1 Ne2+ 32. Kf2 Nxf4 33. Qg3 Qc2+ 34. Ke3 Qe2+ 35. Kxf4 Qe4# 0-1


[Site "https://www.chess.com"]